 Dungeon Crawl Stone Soup version 0.17-a0-1430-g49fde19 (webtiles) character file.

5539 ztt the Quickloader (level 10, -3/83 HPs)
             Began as a Minotaur Hunter on June 25, 2015.
             Was an Elder of Okawaru.
             Killed by divine providence
             ... invoked by an orc priest
              (15 damage)
             ... on level 9 of the Dungeon.
             The game lasted 00:18:08 (11118 turns).

ztt the Quickloader (Minotaur Hunter)              Turns: 11118, Time: 00:18:08

Health: -3/83      AC: 17    Str: 20    XL:     10   Next: 43%
Magic:  18/18      EV:  8    Int:  8    God:    Okawaru [****..]
Gold:   271        SH:  0    Dex: 11    Spells: 0 memorised, 9 levels left

rFire  . . .     SeeInvis .     E - +0 war axe
rCold  + . .     Clarity  .     o - +1 plate armour {rC+}
rNeg   . . .     SustAt   +     (no shield)
rPois  .         Gourm    .     (helmet restricted)
rElec  .         Spirit   .     (no cloak)
rCorr  .         Warding  .     p - +0 pair of gloves
rMut   .         Stasis   .     f - +0 pair of boots
MR     .....                    (no amulet)
Stlth  ..........               r - ring of magical power
                                n - ring of sustain attributes

@: lethally poisoned (-3 -> -8), not resistant to hostile enchantments,
extremely unstealthy
A: retaliatory headbutt, horns 2
a: Heroism, Renounce Religion


You were on level 9 of the Dungeon.
You worshipped Okawaru.
Okawaru was greatly pleased with you.
You were hungry.

You visited 1 branch of the dungeon, and saw 9 of its levels.

You collected 352 gold pieces.
You spent 81 gold pieces at shops.

Inventory:

Hand weapons
 a - a +1 hand crossbow
 D - a +1 arbalest
 E - a +0 war axe (weapon)
Missiles
 b - 27 bolts
 d - 9 poisoned bolts
 u - 30 silver bolts
 K - 7 bolts of penetration
 M - 12 steel bolts
Armour
 f - a +0 pair of boots (worn)
 o - a +1 plate armour of cold resistance (worn)
 p - a +0 pair of gloves (worn)
Jewellery
 n - a ring of sustain attributes (left hand)
 r - a ring of magical power (right hand)
 w - an uncursed ring of stealth {unknown}
Magical devices
 q - a wand of random effects (44)
 v - a wand of frost (18)
 B - a wand of confusion (4)
 F - a wand of slowing (31)
 L - a wand of invisibility (5)
Scrolls
 c - 3 scrolls of enchant armour
 k - 2 scrolls of recharging
Potions
 h - 3 potions of mutation
 i - 3 potions of curing
 s - 2 potions of degeneration
 t - a potion of flight
 C - a potion of berserk rage
Books
 x - a book of Cantrips

   Spells                             Type                      Level
   a - Corona                         Hexes                        1
   b - Animate Skeleton               Necromancy                   1
   c - Summon Small Mammal            Summoning                    1
   d - Apportation                    Translocation                1
 z - a Young Poisoner's Handbook

   Spells                             Type                      Level
   a - Sting                          Conjuration/Poison           1
   b - Cure Poison                    Poison                       2
   c - Mephitic Cloud                 Conjuration/Poison/Air       3
   d - Olgreb's Toxic Radiance        Poison                       4
   e - Venom Bolt                     Conjuration/Poison           5
 I - a book of Air

   Spells                             Type                      Level
   a - Shock                          Conjuration/Air              1
   b - Swiftness                      Charms/Air                   2
   c - Repel Missiles                 Charms/Air                   2
   d - Static Discharge               Conjuration/Air              3
   e - Lightning Bolt                 Conjuration/Air              5
Comestibles
 e - 5 bread rations
 g - 2 beef jerkies
 m - a slice of pizza
 A - a meat ration


   Skills:
 + Level 6.2 Fighting
 * Level 7.7 Axes
 * Level 12.1 Crossbows
 + Level 8.4 Armour
 + Level 4.3 Dodging
 + Level 1.4 Stealth
 + Level 1.3 Invocations


You had 9 spell levels left.
You didn't know any spells.

Dungeon Overview and Level Annotations

Branches:
Dungeon (9/15)             Temple (0/1) D:7
   Lair: D:8-11         Orc: D:9-12

Altars:
Ashenzari
Cheibriados
Kikubaaqudgha
Makhleb
Nemelex Xobeh
Okawaru
Sif Muna
Yredelemnul
Zin

Shops:
D:4 =   D:5 }[(*?


Innate Abilities, Weirdness & Mutations

You reflexively headbutt those who attack you in melee.
You have a pair of horns on your head.


Message History

The scorpion is heavily wounded.
You hit the orc.
The orc is severely wounded.
You hit the orc.
The orc is moderately wounded.
You feel sick. The gnoll hits you but does no damage.
Space warps horribly around you!
* * * LOW HITPOINT WARNING * * *
The orc hits you with a flail.
* * * LOW HITPOINT WARNING * * *
The scorpion stings you but does no damage.
The gnoll barely misses you.
The gnoll shaman calls upon its god to speed up the gnoll.
The gnoll seems to speed up.
You hear a shout!
An orc priest comes into view. It is wielding a dagger.
You feel sick.
The orc priest invokes the aid of Beogh against you.
Something smites you!
You die...

* *,* #.#.#* #..... * *,*
#.#..###....# * ***,**
#.#*#S.....## * ***,,*,*
#.###........ *******,,***,*
##.##..#..##.. *,,,*,,,**
*####.....##..#,.# **>,,,,***
#........##.##,## **,,**,,**
###........#...*,**
**,,***...####o@............,,,*
**,,,**,.o..ggo.s##...........,,,
,,,,**,,.....go####..........#,,,
,,,,*,,,o....g#**#..<.........,**
,,,,,,,*#.....***...##...##...***
,,,,,,**#....,,*,,###*..##*,,,**
,,,,,** ##...,,,,,* *,.# *,,,,*
*,,,,***#...,,,,,** **,** *,,,,**
***,,,,,....,,,,,,***,,,***,,,,,*


You could see an orc warrior, a gnoll shaman, a scorpion, an orc priest, 3
gnolls and 2 orcs.

Vanquished Creatures
  Erica (D:8)
  Pikel (D:5)
  Grinder (D:5)
  A trapdoor spider zombie (D:9)
  Eustachio (D:6)
  6 yaks (D:9)
  Menkaure (D:5)
  2 sky beasts
  5 phantoms
  2 ogres
  3 orc warriors
  2 ice beasts
  2 giant frogs
  A scorpion (D:4)
  6 killer bees (D:7)
  7 wights
  4 hounds
  A jelly (D:4)
  A centaur skeleton (D:9)
  2 iguanas
  5 orc priests
  4 orc wizards
  3 worker ants
  A hound zombie (D:7)
  A hound skeleton (D:6)
  A worker ant zombie (D:6)
  12 adders
  4 gnolls
  2 shadow imps
  An adder skeleton (D:5)
  2 worms
  5 giant geckos
  25 orcs
  A ball python (D:3)
  A bat skeleton (D:7)
  13 giant cockroaches
  8 goblins
  14 hobgoblins
  18 kobolds
  6 quokkas
  17 bats
  A giant cockroach zombie (D:5)
  4 giant newts
  10 jackals
  A jackal skeleton (D:5)
  A quokka zombie (D:6)
  19 rats
230 creatures vanquished.

Vanquished Creatures (collateral kills)
  An orc warrior (D:9)
1 creature vanquished.

Vanquished Creatures (others)
  A gnoll (D:5)
  An adder (D:5)
  A quokka (D:5)
  5 toadstools (D:1)
8 creatures vanquished.

Grand Total: 239 creatures vanquished

Notes
Turn   | Place    | Note
--------------------------------------------------------------
     0 | D:1      | ztt the Minotaur Hunter began the quest for the Orb.
     0 | D:1      | Reached XP level 1. HP: 18/18 MP: 0/0
   287 | D:1      | Reached XP level 2. HP: 25/25 MP: 1/1
   340 | D:1      | Reached skill level 5 in Crossbows
   929 | D:2      | Reached XP level 3. HP: 30/30 MP: 2/2
  1058 | D:2      | Found an iron altar of Okawaru.
  1081 | D:2      | Became a worshipper of Warmaster Okawaru
  1137 | D:2      | Reached skill level 1 in Stealth
  1154 | D:2      | Reached XP level 4. HP: 35/37 MP: 3/3
  1186 | D:2      | Reached skill level 1 in Armour
  2100 | D:3      | Found a glowing silver altar of Zin.
  2197 | D:3      | Reached XP level 5. HP: 18/45 MP: 4/4
  2434 | D:3      | Found an ancient bone altar of Kikubaaqudgha.
  2590 | D:3      | Reached skill level 6 in Crossbows
  2876 | D:4      | Noticed a phantom
  3232 | D:4      | Killed a phantom
  3232 | D:4      | Reached XP level 6. HP: 51/51 MP: 5/5
  3275 | D:4      | Acquired Okawaru's first power
  3276 | D:4      | Found Apsut's Jewellery Emporium.
  3333 | D:4      | Noticed a sky beast
  3346 | D:4      | Killed a sky beast
  3346 | D:4      | Reached skill level 7 in Crossbows
  3413 | D:4      | Noticed a phantom
  3440 | D:4      | Killed a phantom
  3440 | D:4      | Reached XP level 7. HP: 42/57 MP: 6/6
  3802 | D:4      | Noticed an ogre
  3816 | D:4      | Killed an ogre
  3816 | D:4      | Reached skill level 8 in Crossbows
  4156 | D:5      | Entered Level 5 of the Dungeon
  4238 | D:5      | Noticed Pikel
  4301 | D:5      | Found Nysuposo's Magic Scroll Emporium.
  4547 | D:5      | Found Forghin's Antique Weapon Shop.
  4651 | D:5      | Bought a hand axe for 81 gold pieces
  4729 | D:5      | Found Doymmuga's Armour Shop.
  4911 | D:5      | Found Giurye's General Store.
  4964 | D:5      | Noticed Menkaure
  5137 | D:5      | Killed Menkaure
  5137 | D:5      | Reached skill level 1 in Axes
  5137 | D:5      | Reached XP level 8. HP: 47/66 MP: 7/7
  5412 | D:5      | Killed Pikel
  5412 | D:5      | Received a gift from Okawaru
  5412 | D:5      | Reached skill level 9 in Crossbows
  5412 | D:5      | Reached skill level 5 in Armour
  5452 | D:5      | Found Duadukoq's Gadget Boutique.
  5471 | D:5      | Reached skill level 1 in Invocations
  5506 | D:5      | Noticed Grinder
  5520 | D:5      | Killed Grinder
  6116 | D:5      | HP: 1/67 [orc warrior/trident (3)]
  6762 | D:6      | Found a basalt altar of Yredelemnul.
  6824 | D:6      | Reached XP level 9. HP: 57/73 MP: 8/8
  6968 | D:6      | Reached skill level 5 in Fighting
  7256 | D:6      | Reached skill level 10 in Crossbows
  7287 | D:6      | Received a gift from Okawaru
  7558 | D:6      | Noticed Eustachio
  7603 | D:6      | Killed Eustachio
  7603 | D:6      | Reached skill level 5 in Axes
  8363 | D:7      | Received a gift from Okawaru
  8928 | D:7      | Found a burning altar of Makhleb.
  9084 | D:7      | Found a staircase to the Ecumenical Temple.
  9595 | D:7      | Found a snail-covered altar of Cheibriados.
  9595 | D:7      | Found a sparkling altar of Nemelex Xobeh.
  9778 | D:8      | Found a shattered altar of Ashenzari.
  9922 | D:8      | Noticed Erica
  9951 | D:8      | Killed Erica
  9951 | D:8      | Reached skill level 11 in Crossbows
  9951 | D:8      | Reached XP level 10. HP: 40/83 MP: 9/9
 10281 | D:8      | Found a deep blue altar of Sif Muna.
 10529 | D:9      | Received a gift from Okawaru
 10538 | D:9      | Reached skill level 12 in Crossbows
 10856 | D:9      | Received a gift from Okawaru
 11118 | D:9      | Killed from afar by an orc priest

Vault maps used:
D:1:      ldierk_walled_garden
D:2:      lemuel_crystal_altar
D:3:      lemuel_doored_altar, kiku_gazebo_garden_becter
D:4:      serial_shops, nicolae_shop_statue_plus
D:5:      first_bread, serial_shops, nicolae_shop_statue_plus, shop,
          nicolae_shop_crystal, nicolae_shop_window_shopping,
          nicolae_shop_statue_plus, kennysheep_minor_cross, uniq_pikel,
          uniq_grinder, uniq_menkaure
D:6:      yredelemnul_altar_generic, uniq_eustachio
D:7:      bloody_makhleb, gammafunk_temple_overflow_pools,
          minmay_temple_entry_glass, grunt_ministairs_6
D:8:      led_sif_pool, nicolae_overflow_crystal_walls, uniq_erica
D:9:      overflow_temple_1_default, xom_teletrap_fun

Action                   |  1- 3 |  4- 6 |  7- 9 | 10-12 || total
-------------------------+-------+-------+-------+-------++-------
Melee: Short sword       |    62 |   131 |    97 |       ||   290
       Hand axe          |       |       |   264 |       ||   264
       War axe           |       |       |    13 |    94 ||   107
 Fire: Hand crossbow     |    11 |    69 |   211 |       ||   291
Invok: Heroism           |       |       |     4 |     1 ||     5
  Use: Scroll            |       |     4 |     4 |     8 ||    16
       Potion            |       |       |     2 |       ||     2
 Stab: Distracted        |       |       |     1 |       ||     1
  Eat: Chunk             |       |     2 |    11 |     3 ||    16
       Meat ration       |       |     1 |     1 |       ||     2
       Fruit             |       |       |     2 |       ||     2
       Pizza             |       |       |     2 |       ||     2
       Beef jerky        |       |       |     1 |       ||     1
